 Dungeon Crawl Stone Soup version 0.29.1-1-gd02db69 (webtiles) character file.

Game seed: 8487711658084354373

2906 jagoly the Changer (level 9, -1/73 HPs)
             Began as an Octopode Transmuter on Oct 23, 2022.
             Was an Initiate of Gozag.
             Slain by an unseen horror (4 damage)
             ... on level 9 of the Dungeon.
             The game lasted 00:50:53 (8636 turns).

jagoly the Changer (Octopode Transmuter)            Turns: 8636, Time: 00:50:53

Health: -1/73      AC:  9    Str:  9    XL:     9   Next: 78%
Magic:  12/15      EV: 10    Int: 25    God:    Gozag
Gold:   435        SH:  5    Dex: 13    Spells: 6/16 levels left

rFire   x . .      SeeInvis .     - Unarmed
rCold   + + +      Faith    .   (shield currently unavailable)
rNeg    . . .      Spirit   .   (helmet currently unavailable)
rPois   +          Reflect  +   y - amulet of reflection
rElec   .          Harm     .   o - +6 ring of intelligence
rCorr   .          Rampage  .   F - ring of protection from cold
Will    .....                   (no ring)
Stlth   +++.......              (no ring)
HPRegen 0.22/turn               (no ring)
MPRegen 0.14/turn               (no ring)
                                (no ring)
                                (no ring)

@: ice-form
A: freezing attack, boosted hp, almost no armour, amphibious, 8 rings, large,
(camouflage 1), (gelatinous body 1), (nimble swimmer 1), (tentacles)
a: End Transformation, Renounce Religion, Potion Petition, Call Merchant, Bribe
Branch


You were on level 9 of the Dungeon.
You worshipped Gozag.
Gozag was aware of your devotion.
You were a creature of crystalline ice.
You visited 2 branches of the dungeon, and saw 10 of its levels.

You collected 718 gold pieces.
You spent 234 gold pieces at shops.
You paid 49 gold pieces to Gozag.

Inventory:

Hand Weapons
 a - a +1 whip of venom (melded)
 b - a +0 spear
 n - a +0 sling
 p - a +0 trident
Missiles
 d - 75 stones
 w - 10 poisoned darts
 x - 5 boomerangs
 B - 5 javelins
 D - 3 curare-tipped darts
Armour
 z - a +0 buckler
Magical Staves
 A - a staff of fire
Jewellery
 h - an amulet of the acrobat
 o - a +6 ring of intelligence (left front paw)
 y - an amulet of reflection (around neck)
 F - a ring of protection from cold (right front paw)
Wands
 f - a wand of acid (6)
 j - a wand of roots (5)
Scrolls
 e - a scroll of torment {unknown}
 i - 2 scrolls of butterflies
 k - a scroll of enchant weapon {unknown}
 m - a scroll of fear
 q - 2 scrolls of immolation {unknown}
 r - 4 scrolls of teleportation
 s - 2 scrolls of amnesia {unknown}
 t - a scroll of blinking
 G - 2 scrolls of magic mapping {unknown}
 H - a scroll of noise {unknown}
Potions
 c - 2 potions of lignification
 g - 6 potions of curing
 l - a potion of ambrosia {unknown}
 u - a potion of heal wounds {unknown}
 v - 3 potions of brilliance {unknown}
 C - a potion of resistance
 E - a potion of berserk rage {unknown}


   Skills:
 * Level 5.6 Fighting
 - Level 2.0 Throwing
 - Level 2.0 Dodging
 - Level 5.0 Stealth
 * Level 5.6 Unarmed Combat
 - Level 4.0 Spellcasting
 + Level 6.9 Transmutations
 - Level 6.0 Ice Magic
 - Level 2.0 Poison Magic


You had 6 spell levels left.
You knew the following spells:

 Your Spells              Type           Power      Damage    Failure   Level
A - Beastly Appendage     Tmut           78%        N/A       1%          1
O - Ice Form              Ice/Tmut       37%        N/A       6%          4
P - Spider Form           Tmut/Pois      27%        N/A       4%          3
W - Wereblood             Tmut           39%        N/A       1%          2

Your spell library contained the following spells:

 Spells                   Type           Power      Damage    Failure   Level
 Passwall                 Tmut/Erth      18%        N/A       3%          2
 Apportation              Tloc           10%        N/A       9%          1
 Necrotise                Necr           20%        1d5       9%          1
 Sandblast                Erth           10%        2d5       9%          1
 Summon Small Mammal      Summ           20%        N/A       9%          1
 Static Discharge         Conj/Air       5%         3-4/arc   14%         2
 Stone Arrow              Conj/Erth      10%        3d7       26%         3
 Alistair's Intoxication  Tmut/Pois      18%        N/A       38%         5
 Dispel Undead            Necr           5%         3d7       65%         4
 Sticky Flame             Conj/Fire      5%         2d3       65%         4


Dungeon Overview and Level Annotations

Branches:
Dungeon (9/15) Zot: 26648  Temple (1/1) D:4 Zot: 5888    Lair (0/5) D:8
    Orc: D:9-12

Altars:
Ashenzari
Cheibriados
Dithmenos
Elyvilon
Fedhas
Gozag
Hepliaklqana
Kikubaaqudgha
Makhleb
Nemelex Xobeh
Okawaru
Qazlal
Ru
Sif Muna
Trog
Uskayaw
Vehumet
Xom
Yredelemnul
Zin
The Shining One

Shops:
D:3 *

Annotations:
D:7 exclusions: centaur, downstairs, hornet and white imp
D:8 exclusion: troll, Amaemon, Erica


Innate Abilities, Weirdness & Mutations

You are a creature of crystalline ice.
You have a powerful freezing melee attack.
Your maximum health is increased.
Your armour is entirely melded.
You are incapable of wielding weapons or throwing items.
You cannot wear most types of armour.
You are amphibious.
You can wear up to eight rings at the same time.
((Your skin changes colour to match your surroundings (Stealth+).))
((Your rubbery body absorbs attacks. (AC +1, EV +1)))
((You are camouflaged when in or above water. (Stealth+)))
((You have tentacles for arms and can constrict up to eight enemies at once.))


Message History

You turn into a creature of crystalline ice.
Your +1 whip of venom melds into your body.
Your +1 whip of venom stops dripping with poison.
Something hits you! x2
Something hits you but does no damage.
You swing at nothing.
You punch something! You freeze something. Something hits you.
Something hits you but does no damage.
You closely miss something.
Something hits you but does no damage. x2
You hit something but do no damage. Something hits you.
* * * LOW HITPOINT WARNING * * *
Something hits you.
* * * LOW HITPOINT WARNING * * *
You hit something but do no damage. Something hits you.
* * * LOW HITPOINT WARNING * * *
Something hits you.
* * * LOW HITPOINT WARNING * * *
You hit something. You freeze something. Something hits you.
* * * LOW HITPOINT WARNING * * *
Okay, then.
Okay, then.
You barely miss something. Something hits you.
* * * LOW HITPOINT WARNING * * *
You swing at nothing.
Something hits you.
* * * LOW HITPOINT WARNING * * *
You swing at nothing.
You block something's attack.
Aiming: Corrosive Bolt
Press: ? - help, Shift-Dir - straight line
Okay, then.
Aiming: Fastroot
Press: ? - help, Shift-Dir - straight line The roots erupt in riotous growth!
Something hits you but does no damage.
You swing at nothing.
Something hits you!
* * * LOW HITPOINT WARNING * * *
As you read the scroll of butterflies, it crumbles to dust.
You hear the tinkle of a tiny bell.
Something misses your butterfly. Something barely misses your butterfly.
Something hits you.
You die...
Your body crumbles into a pile of gold.

## # #..
#.###.#
#.#.#.#
#.bbb.# #
#.#.######.#
#Y#.##.....#
#b#.#.#.####
#b#..###.##
#.#.##
##.#####.##
#..##
##.......#
#.#.##
##.#####>.#
#.##.###.##
..#
#.###.#.##
..# #.#
##.## ##..#


There were no monsters in sight!

Vanquished Creatures
  An orange demon (D:8)
  Sigmund (D:5)
  6 yaks (D:9)
  A wraith (D:9)
  4 ice beasts
  An ogre (D:5)
  A phantom (D:4)
  3 bullfrogs (D:7)
  2 necrophages (D:6)
  A scorpion (D:6)
  A killer bee (D:6)
  3 hounds
  An orc priest (D:3)
  4 iguanas
  3 orc wizards
  Robin (D:3)
  10 adders
  A gnoll (D:1)
  2 white imps (D:6)
  2 dart slugs
  30 orcs
  10 endoplasms
  2 giant cockroaches (D:1)
  11 hobgoblins
  5 jackals
  7 quokkas
  3 ball pythons
  7 bats
  13 frilled lizards
  14 goblins
  11 kobolds
  5 rats
167 creatures vanquished.

Vanquished Creatures (others)
  8 plants (D:1)
8 creatures vanquished.

Grand Total: 175 creatures vanquished

Notes
Turn   | Place    | Note
-------+----------+-------------------------------------------
     0 | D:1      | jagoly the Octopode Transmuter began the quest for the Orb.
     0 | D:1      | Reached XP level 1. HP: 13/13 MP: 3/3
   131 | D:1      | Reached skill level 1 in Stealth
   144 | D:1      | Reached skill level 1 in Poison Magic
   144 | D:1      | Reached XP level 2. HP: 18/18 MP: 3/5
   147 | D:1      | Learned a level 2 spell: Wereblood
   483 | D:1      | Reached XP level 3. HP: 18/23 MP: 4/6
   544 | D:1      | Learned a level 3 spell: Spider Form
  1470 | D:2      | Found a sparkling altar of Nemelex Xobeh.
  1487 | D:2      | Found a faded altar of an unknown god.
  1491 | D:2      | Reached XP level 4. HP: 28/28 MP: 7/7
  1895 | D:2      | Reached skill level 1 in Ice Magic
  2268 | D:3      | Reached XP level 5. HP: 33/33 MP: 3/8
  2491 | D:3      | Found Lynogoch's General Store.
  2495 | D:3      | Bought a scroll of blinking for 90 gold pieces
  2667 | D:3      | Noticed Robin
  2732 | D:3      | Killed Robin
  3096 | D:4      | Found a staircase to the Ecumenical Temple.
  3105 | Temple   | Entered the Ecumenical Temple
  3366 | D:3      | Bought a scroll of identify for 24 gold pieces
  3433 | D:4      | Reached XP level 6. HP: 38/38 MP: 6/10
  3438 | D:4      | Learned a level 4 spell: Ice Form
  3619 | D:4      | Found a stormy altar of Qazlal.
  3619 | D:4      | Found an opulent altar of Gozag.
  3625 | D:4      | Found a faded altar of an unknown god.
  3630 | D:4      | Found a white marble altar of Elyvilon.
  3632 | D:4      | Found a shimmering altar of Xom.
  3980 | D:4      | Became a worshipper of Gozag Ym Sagoz the Greedy
  4530 | D:5      | Entered Level 5 of the Dungeon
  5387 | D:5      | Found a hazy altar of Hepliaklqana.
  5576 | D:5      | Reached XP level 7. HP: 41/43 MP: 6/11
  5769 | D:5      | Noticed Sigmund
  5774 | D:5      | Killed Sigmund
  5775 | D:5      | Reached skill level 5 in Transmutations
  5775 | D:5      | Reached skill level 5 in Ice Magic
  5801 | D:5      | Found a radiant altar of Vehumet.
  6168 | D:3      | Bought a potion of resistance for 120 gold pieces
  6558 | D:6      | Reached XP level 8. HP: 40/48 MP: 10/12
  6867 | D:6      | Reached skill level 1 in Throwing
  7446 | D:7      | Noticed a hornet
  7720 | D:7      | Reached skill level 5 in Stealth
  7979 | D:8      | Reached XP level 9. HP: 57/57 MP: 7/15
  8036 | D:8      | Noticed an orange demon
  8050 | D:8      | Noticed Amaemon
  8052 | D:8      | Killed an orange demon
  8235 | D:8      | Noticed a troll
  8253 | D:8      | Found an iron altar of Okawaru.
  8255 | D:8      | Noticed Erica
  8278 | D:8      | Found a staircase to the Lair.
  8330 | D:9      | Reached skill level 5 in Fighting
  8330 | D:9      | Reached skill level 5 in Unarmed Combat
  8635 | D:9      | HP: 3/73 [something (9)]
  8636 | D:9      | Slain by an unseen horror

Illustrated notes

Levels and vault maps discovered:
D:1:      psy_arrival_radial02, layout_loops_ring, kennysheep_minor_cross,
          minmay_lizard_king
D:2:      layout_loops_cross, hellmonk_ecumenical_altar_lost_god, basic_altar,
          minmay_tree_intersection
D:3:      layout_basic, serial_shops, shop, uniq_robin
D:4:      layout_loops_ring, chequers_temple_overflow_minitemple,
          minmay_temple_entry_wispy, hangedman_decor_push
D:5:      layout_basic, lemuel_crystal_altar, overflow_temple_1_default,
          uniq_sigmund
D:6:      layout_cave_pools, minmay_increasing_density
D:7:      layout_cave_pools
D:8:      layout_loops_ring, okawaru_gym_becter, dpeg_oklobed_lair,
          grunt_decor_fettered, uniq_psyche, uniq_amaemon, uniq_erica
D:9:      layout_loops_ring, nicolae_overflow_hidden_temple
Temple:   nicolae_temple_bog_church

Skill      XL: |  1  2  3  4  5  6  7  8  9 |
---------------+----------------------------+-----
Stealth        | 1 2 5 |  5.0
Poison Magic   | 1 2 |  2.0
Transmutations | 3 4 5 6 |  6.9
Ice Magic      | 1 2 4 5 6 |  6.0
Spellcasting   | 3 4 |  4.0
Throwing       | 2 |  2.0
Fighting       | 3 5 |  5.6
Unarmed Combat | 5 |  5.6
Dodging        | |  2.0

Action                   |  1- 3 |  4- 6 |  7- 9 || total
-------------------------+-------+-------+-------++-------
Melee: Unarmed           |    18 |   108 |   151 ||   277
       Kick              |    16 |    31 |     4 ||    51
       Tentacles         |    12 |    19 |     1 ||    32
       Constrict         |    24 |    25 |     3 ||    52
       Whip              |    64 |    89 |    12 ||   165
       Punch             |     4 |     3 |     1 ||     8
Throw: Dart              |       |     8 |     8 ||    16
       Stone             |       |     1 |       ||     1
 Cast: Beastly Appendage |    19 |    28 |     3 ||    50
       Wereblood         |     2 |    13 |     4 ||    19
       Spider Form       |     1 |    14 |     3 ||    18
       Ice Form          |       |     1 |    15 ||    16
 Abil: End Transformatio |       |     1 |       ||     1
Evoke: Wand              |       |       |     2 ||     2
  Use: Scroll            |       |     4 |     1 ||     5
       Potion            |       |     2 |       ||     2
 Stab: Sleeping          |     9 |    11 |     6 ||    26
       Distracted        |       |       |     1 ||     1
Armor: Skin              |    10 |     7 |    38 ||    55
Dodge: Dodged            |    49 |    87 |    64 ||   200
Block: Other             |       |    11 |    27 ||    38
       Reflection        |       |       |     1 ||     1
